← All builds
Suicide front / Legion / Quick factory / OBSERVED BUILD

Standard suicide front

Quick Bot Lab into Vehicle Plant to project force at middle early with Ballista, Satyr, Decurion and Lance, transitioning into Barrage artillery and an Advanced Metal Extractor as the game develops.

#rush #raid · 26 distinct matches · 14 players · 79% of Legion Suicide front games · team won 50% of 26 · Recently observed

HOW TO PLAY IT

Key timing: Legion Vehicle Plant by 1:01

  1. Take a single mex and rush the bot lab immediately.
  2. Finish the bot lab fast to start early Decurion or Ballista pushes.
  3. Get the vehicle plant up to widen unit options for the front.
  4. Contest the middle early and expect combat losses right away.
  5. Pick up T2 constructor once middle is stabilized to prep for T2 arrivals.

Phase by phase

TYPICAL OF ITS 26 GAMES
  1. 1
  2. 2
  3. 3
PLAY THE OPENING

Follow the example game's first 6:00 step by step: what to build now, what comes next, and where it goes. At 1× it keeps pace with your own game.

  1. 1

    Up to the Legion Bot Lab

    Economy
    • Metal Extractor1Mex
    Order
    1. Legion Bot LabLegion Bot Lab after 2 mexdone ~0:34, middle half 0:20–0:35

    By 0:17 in all: 1 mex

    The example game in this phase · 1 step
    1. Legion Bot LabLegion Bot Labdone 0:20 · typical 0:34
  2. 2

    Legion Bot Lab to 5:00

    Economy
    • Metal Extractor5Mex
    • Wind Turbine7Wind
    Builders
    • Construction Turret1 Con turret
    • Legion Construction Bot3 Legion Construction Bot
    • Zagreus2 Zagreus
    Army
    • Pharos4 Pharos
    Other
    • Radar Tower1 Radar Tower

    Some games also: Ballista (42%) · Goblin (38%) · Satyr (38%) · Legion Construction Vehicle (35%) · Barrage (31%)

    By 5:00 in all: 6 mex · 8 wind · 1 con turret

    The example game in this phase · 41 steps
    1. Legion Construction BotLegion Construction Bot
    2. Mex
    3. Wind
    4. SatyrSatyr
    5. PharosPharos
    6. Legion Construction BotLegion Construction Bot
    7. Mex ×2
    8. Legion Construction BotLegion Construction Bot
    9. PharosPharos
    10. Mex
    11. SatyrSatyr ×2
    12. ZagreusZagreus
    13. Mex
    14. Wind
    15. GoblinGoblin
    16. PharosPharos
    17. BallistaBallista ×2
    18. Radar TowerRadar Tower
    19. Wind
    20. BallistaBallista
    21. Con turret
    22. BallistaBallista ×6
    23. Wind
    24. BallistaBallista
    25. Wind
    26. BallistaBallista
    27. Wind
    28. BallistaBallista
    29. Wind
    30. BallistaBallista
    31. Wind ×2
    32. BallistaBallista
    33. Dragon's TeethDragon's Teeth
    34. Energy storage
    35. BallistaBallista
    36. Dragon's TeethDragon's Teeth ×3
    37. BallistaBallista
    38. Mex
    39. Dragon's TeethDragon's Teeth
    40. Con turret
    41. Dragon's TeethDragon's Teeth ×2
  3. 3

    5:00 to 10:00

    Economy
    • Metal Extractor2Mex
    • Wind Turbine17Wind
    • Energy Storage1Energy storage
    Builders
    • Construction Turret3 Con turret

    Some games also: Zagreus (46%) · Radar Tower (42%) · converter (38%) · Ballista (38%) · Pharos (35%)

    By 10:00 in all: 8 mex · 25 wind · 1 energy storage · 4 con turret

    The example game in this phase · 234 steps
    1. Dragon's TeethDragon's Teeth
    2. GoblinGoblin
    3. BallistaBallista
    4. Con turret
    5. Dragon's TeethDragon's Teeth ×2
    6. BallistaBallista
    7. Mex
    8. Dragon's TeethDragon's Teeth
    9. Converter
    10. Radar TowerRadar Tower
    11. Converter
    12. Dragon's TeethDragon's Teeth
    13. SatyrSatyr
    14. Converter
    15. SatyrSatyr
    16. Converter
    17. SatyrSatyr
    18. Wind
    19. ZagreusZagreus
    20. Wind
    21. ZagreusZagreus
    22. Wind
    23. PharosPharos
    24. SatyrSatyr
    25. Wind
    26. SatyrSatyr
    27. PharosPharos
    28. Wind
    29. SatyrSatyr
    30. PharosPharos
    31. Wind
    32. Mex
    33. SatyrSatyr
    34. Wind
    35. SatyrSatyr
    36. Wind
    37. SatyrSatyr
    38. Wind
    39. SatyrSatyr ×2
    40. Wind
    41. SatyrSatyr
    42. Wind
    43. SatyrSatyr
    44. Wind
    45. SatyrSatyr ×6
    46. Con turret
    47. SatyrSatyr
    48. BrambleBramble
    49. SatyrSatyr ×2
    50. ZagreusZagreus
    51. SatyrSatyr ×3
    52. ZagreusZagreus
    53. SatyrSatyr ×20
    54. Con turret
    55. SatyrSatyr ×8
    56. Wind
    57. SatyrSatyr ×2
    58. Wind
    59. SatyrSatyr
    60. Advanced Metal ExtractorT2 mexdone 10:17
    61. SatyrSatyr
    62. Wind ×2
    63. Radar TowerRadar Tower
    64. Converter
    65. SatyrSatyr
    66. Wind
    67. Mex
    68. Wind
    69. SatyrSatyr
    70. Wind
    71. SatyrSatyr
    72. Wind
    73. Mex
    74. Converter
    75. SatyrSatyr
    76. Mex
    77. Wind
    78. SatyrSatyr
    79. Wind
    80. SatyrSatyr
    81. Advanced Metal ExtractorT2 mex
    82. Wind
    83. SatyrSatyr
    84. Wind
    85. SatyrSatyr
    86. Mex
    87. Converter
    88. SatyrSatyr
    89. Wind
    90. SatyrSatyr
    91. Wind
    92. SatyrSatyr
    93. Wind
    94. Converter
    95. SatyrSatyr ×2
    96. ZagreusZagreus
    97. Advanced Metal ExtractorT2 mex
    98. Wind
    99. ZagreusZagreus
    100. Wind ×3
    101. Mex
    102. Converter
    103. SatyrSatyr
    104. Wind
    105. SatyrSatyr
    106. Wind
    107. SatyrSatyr
    108. Wind
    109. SatyrSatyr ×2
    110. Wind
    111. ZagreusZagreus
    112. Converter
    113. SatyrSatyr
    114. ZagreusZagreus
    115. Mex
    116. ZagreusZagreus
    117. Wind
    118. SatyrSatyr
    119. Wind
    120. SatyrSatyr ×2
    121. Wind
    122. SatyrSatyr
    123. Wind
    124. SatyrSatyr ×2
    125. Converter
    126. SatyrSatyr ×2
    127. Wind
    128. SatyrSatyr ×2
    129. Wind
    130. SatyrSatyr
    131. Wind
    132. SatyrSatyr
    133. Advanced Metal ExtractorT2 mex
    134. SatyrSatyr
    135. Wind
    136. Legion Construction BotLegion Construction Bot
    137. Converter
    138. Con turret
    139. Wind
    140. Legion Construction BotLegion Construction Bot
    141. Con turret
    142. Wind ×2
    143. Con turret
    144. Wind
    145. Legion Bot LabLegion Bot Labdone 13:01
    146. Converter
    147. Legion Construction BotLegion Construction Bot ×2
    148. Wind
    149. SatyrSatyr ×2
    150. Advanced Metal ExtractorT2 mex
    151. SatyrSatyr
    152. Wind
    153. SatyrSatyr
    154. ZagreusZagreus
    155. SatyrSatyr
    156. Wind
    157. ZagreusZagreus ×3
    158. Wind
    159. SatyrSatyr
    160. ZagreusZagreus
    161. SatyrSatyr
    162. Converter
    163. ZagreusZagreus
    164. GoblinGoblin
    165. SatyrSatyr ×5
    166. Wind
    167. SatyrSatyr ×2
    168. GoblinGoblin
    169. SatyrSatyr ×2
    170. Wind
    171. SatyrSatyr ×5
    172. Wind
    173. GoblinGoblin
    174. SatyrSatyr ×6
    175. Wind
    176. SatyrSatyr
    177. GoblinGoblin
    178. SatyrSatyr
    179. Con turret
    180. SatyrSatyr ×2
    181. Converter
    182. SatyrSatyr ×3
    183. Advanced Metal ExtractorT2 mex
    184. SatyrSatyr
    185. GoblinGoblin
    186. SatyrSatyr
    187. Wind
    188. SatyrSatyr ×4
    189. Wind
    190. SatyrSatyr ×2
    191. GoblinGoblin
    192. SatyrSatyr
    193. Wind
    194. SatyrSatyr ×3
    195. Con turret
    196. SatyrSatyr
    197. Wind
    198. SatyrSatyr ×2
    199. GoblinGoblin
    200. SatyrSatyr ×2
    201. Converter
    202. SatyrSatyr ×5
    203. GoblinGoblin
    204. SatyrSatyr
    205. Wind
    206. SatyrSatyr
    207. ZagreusZagreus ×2
    208. Wind
    209. SatyrSatyr
    210. ZagreusZagreus
    211. SatyrSatyr
    212. ZagreusZagreus
    213. Wind
    214. ZagreusZagreus
    215. EvisceratorEvisceratornot finished by 15:00
    216. ZagreusZagreus
    217. Wind
    218. SatyrSatyr ×3
    219. EvisceratorEviscerator
    220. SatyrSatyr
    221. Converter
    222. SatyrSatyr
    223. GoblinGoblin
    224. SatyrSatyr ×4
    225. Con turret
    226. SatyrSatyr
    227. Wind
    228. SatyrSatyr ×2
    229. GoblinGoblin
    230. SatyrSatyr ×2
    231. Wind
    232. SatyrSatyr ×3
    233. Wind
    234. SatyrSatyr

Counts are medians over the build's games: half of them build more, half fewer. The example game is _X_'s (52 OS, 05/09/2026); pick another.

Team trades

IN AT LEAST 30% OF ITS GAMES

You hand over

Nothing regular.

You get

  • Tidal Generator4 Tidal from Pondfirst at 0:11 · in 69% of games
  • Advanced Construction Bot1 T2 con bot from Geo or Techfirst at 7:31 · in 54% of games

How it plays out

Typical game of this build, running totals by minute

Metal produced

010k20k30k
0:005:0010:0015:00

metal

Enemy metal destroyed

05k10k
0:005:0010:0015:00

metal

Own metal lost

05k10k
0:005:0010:0015:00

metal

26 games.

Show as table
ByMetal produced: This buildEnemy metal destroyed: This buildOwn metal lost: This build
1:0024900
2:0087900
3:00204220360
4:003176484320
5:0042971154788
6:00526718041130
7:00619125412201
8:00749140053250
9:00877445374000
10:001049947444506
11:001232249825031
12:001458453036112
13:001742860647159
14:002039474937635
15:002406490817997
WHAT THE NUMBERS SAY

Suicide front trades heavily, destroying more enemy metal early than any other role shown but also losing the most, reflecting its all-in nature.

  • + Enemy metal destroyed hits 1253 by 5:00, far ahead of other roles at that mark.
  • + Metal produced by 5:00 reaches 4185, among the highest early figures.
  • − Own metal lost reaches 5320 by 10:00, the heaviest losses of any build shown.
  • − Team win rate is only 48%, despite the aggressive early trades.
THE EXAMPLE YOU ARE READING

_X_

51.9 OS · 05/09/2026

Open source match ↗

6 received units · includes a constructor
355 metal received · 61449 energy received

Allied construction assistance is unknown. Timings are observations, not a promise of solo reproducibility.

Typical milestones

Legion Bot Lab0:34Middle 50%: 0:20–0:35 · n=17
Legion Vehicle Plant1:01Middle 50%: 0:36–6:33 · n=16
Advanced Metal Extractor8:45Middle 50%: 8:17–9:33 · n=13

Played most by

_X_8games of this build[crd]sisa4games of this build[Cookie]Maco2games of this buildyubiyubi2games of this buildBoozha1game of this build